Map: Site Delta LE

Players

Subwayeatn

  • Race: Zerg Zerg
  • League: Platinum
  • Spawn Location: 11:00

glacius - Winner!

  • Race: Terran Terran
  • League: Diamond
  • Spawn Location: 5:00

VOD

Have the link to the VOD?

Description

Time

  • Played on: Nov. 3, 2023, 3:31 p.m.
  • Length: 13:22
Show
View Real Time Build Order
Export as new Build Order

Subwayeatn Zerg 

Build Orders: Hatch First 

Get SALT Encoding   

  12  0:00  Drone  
  13  0:12  Overlord  
  13  0:19  Drone  
  14  0:31  Drone x2  
  16  0:49  Hatchery  
  15  0:53  Drone  
  15  0:55  Drone  
  17  0:59  Drone  
  17  1:02  Extractor  
  17  1:16  Spawning Pool  
  16  1:30  Drone x3  
  19  1:41  Drone  
  20  1:51  Drone  
  21  2:03  Queen  
  21  2:04  Queen  
  27  2:08  Zergling x4  
  27  2:18  Overlord  
  27  2:21  Metabolic Boost  
  27  2:50  Queen  
  29  2:53  Drone  
  30  3:04  Drone x5  
  35  3:07  Hatchery  
  35  3:09  Overlord  
  34  3:30  Drone x5  
  39  3:36  Queen  
  41  3:45  Lair  
  41  3:48  Baneling Nest, Overlord  
  40  3:51  Overlord  
  40  4:06  Drone x8  
  48  4:10  Extractor  
  48  4:17  Evolution Chamber  
  46  4:18  Evolution Chamber  
  45  4:31  Zergling x6  
  48  4:38  Queen  
  50  4:40  Drone x8  
  50  4:44  Zerg Melee Weapons Level 1  
  58  4:48  Zerg Ground Armor Level 1  
  58  4:54  Overlord  
  58  4:55  Spine Crawler  
  57  5:07  Hydralisk Den  
  57  5:11  Extractor  
  57  5:12  Extractor  
  54  5:18  Spine Crawler  
  53  5:22  Zergling x2  
  53  5:23  Zergling x6  
  45  5:53  Hydralisk, Grooved Spines  
  45  5:54  Hydralisk  
  45  5:55  Spore Crawler  
  45  5:56  Overlord  
  48  5:59  Queen  
  50  6:14  Drone x4  
  50  6:16  Drone x11  
  65  6:24  Overseer  
  65  6:30  Drone x3  
  68  6:34  Drone  
  69  6:42  Zerg Missile Weapons Level 1  
  69  6:44  Muscular Augments  
  69  6:59  Drone x9  
  78  7:08  Hydralisk  
  78  7:09  Hydralisk  
  82  7:25  Overlord  
  82  7:26  Overlord  
  82  7:27  Overlord  
  82  7:36  Infestation Pit  
  81  7:41  Drone  
  82  7:44  Extractor  
  82  7:45  Drone x9  
  90  7:53  Overseer  
  89  7:59  Hydralisk x7  
  102  8:09  Drone x2  
  104  8:25  Zerg Melee Weapons Level 2  
  104  8:33  Extractor  
  103  8:40  Overlord x3  
  103  8:41  Overlord x2  
  103  8:42  Spine Crawler  
  103  8:43  Overseer  
  103  8:44  Overseer  
  102  8:49  Hatchery  
  102  8:52  Extractor  
  100  8:58  Zerg Missile Weapons Level 2  
  94  9:14  Drone x14  
  108  9:22  Hive  
  108  9:26  Centrifugal Hooks  
  108  9:36  Drone x2  
  108  9:37  Drone, Overlord  
  108  9:38  Overlord x3  
  111  9:46  Drone  
  111  9:48  Drone  
  111  9:50  Drone  
  111  10:07  Hydralisk  
  111  10:08  Hydralisk x7  
  113  10:25  Hydralisk x7  
  120  10:41  Hydralisk x4  
  99  10:51  Hydralisk  
  99  10:52  Hydralisk x2  
  97  11:00  Queen  
  96  11:08  Hydralisk  
  96  11:09  Hydralisk x3  
  67  11:24  Zergling x8  
  69  11:28  Zergling x2  
  70  11:39  Drone  
  71  11:45  Zergling x2  
  71  11:46  Zergling x8  
  73  11:56  Hydralisk x4  
  79  12:08  Zergling x2  
  79  12:09  Zergling x6  
  83  12:22  Zergling x12  
  89  12:35  Spore Crawler  
  89  12:36  Spine Crawler x2  
  86  12:37  Spine Crawler  
  86  12:39  Spore Crawler  
  84  12:44  Hydralisk x5  
  84  12:45  Hydralisk x3  
Show
View Real Time Build Order
Export as new Build Order

glacius Terran - Winner!

Build Orders: Liberator Opening, Reaper Expand 

Get SALT Encoding   

  12  0:00  SCV  
  13  0:12  SCV  
  14  0:17  Supply Depot  
  14  0:25  SCV  
  15  0:39  Barracks, SCV  
  16  0:45  Refinery  
  16  0:51  SCV  
  17  1:03  SCV  
  18  1:15  SCV  
  19  1:27  Orbital Command  
  19  1:29  Reaper  
  20  1:58  Command Center  
  20  1:59  SCV  
  21  2:03  Marine  
  21  2:08  Supply Depot  
  22  2:12  SCV  
  23  2:16  Bunker  
  23  2:29  Barracks Reactor, SCV  
  24  2:32  Factory  
  24  2:45  SCV  
  25  2:57  SCV  
  26  3:09  SCV  
  26  3:10  Orbital Command  
  26  3:22  SCV, Starport  
  26  3:24  Hellion x2  
  26  3:25  Barracks Tech Lab  
  31  3:28  Supply Depot  
  31  3:29  Supply Depot  
  31  3:34  SCV  
  31  3:36  SCV  
  33  3:45  Hellion  
  33  3:46  Hellion  
  33  3:47  SCV  
  38  3:51  Supply Depot  
  38  3:52  SCV  
  38  3:54  Marine  
  40  3:59  Liberator  
  43  4:03  SCV  
  43  4:06  SCV  
  43  4:07  Hellion x2  
  49  4:12  Marine  
  49  4:14  Supply Depot  
  50  4:27  SCV x2  
  50  4:29  Hellion x2  
  50  4:30  Marine  
  57  4:39  SCV x2  
  58  4:56  SCV x2  
  60  5:08  SCV, Refinery  
  60  5:09  Starport Reactor, Command Center, SCV, Refinery  
  60  5:11  Refinery  
  62  5:18  Barracks  
  62  5:20  Barracks, SCV  
  62  5:21  Barracks, SCV  
  64  5:22  Barracks  
  64  5:33  SCV x2  
  66  5:50  SCV x2  
  68  6:02  SCV x2  
  70  6:04  Supply Depot  
  70  6:06  Engineering Bay  
  70  6:09  Medivac x2  
  74  6:11  Supply Depot  
  74  6:12  Supply Depot  
  74  6:14  SCV  
  74  6:17  Barracks Tech Lab x4  
  76  6:23  SCV x2  
  77  6:34  Marine x2  
  77  6:36  Marauder x2  
  77  6:37  Marauder x2  
  87  6:49  Medivac  
  87  6:50  Medivac  
  87  6:51  SCV  
  87  6:52  SCV x2  
  94  7:01  Marine x2  
  94  7:02  Marauder x4  
  104  7:10  Engineering Bay  
  104  7:12  Armory  
  104  7:13  SCV x3  
  104  7:15  Supply Depot x2  
  104  7:30  Marine  
  104  7:31  Marine  
  104  7:32  Marauder x4  
  104  7:36  Supply Depot  
  114  7:38  Supply Depot  
  114  7:39  Liberator x2  
  114  7:40  Supply Depot x2  
  120  7:47  SCV x2  
  122  7:59  Marauder x2, SCV, Marine x2  
  122  8:00  Marauder x2  
  131  8:12  Planetary Fortress  
  131  8:15  SCV  
  131  8:16  SCV  
  133  8:24  Marine  
  133  8:25  Marauder, Marine  
  133  8:26  Marauder x3  
  143  8:28  SCV x2  
  145  8:40  SCV x2  
  147  8:44  Terran Infantry Weapons Level 1, Terran Infantry Armor Level 1  
  147  8:47  Refinery  
  147  8:48  Command Center  
  147  8:49  Refinery  
  147  8:52  SCV x2  
  147  8:54  SCV  
  150  8:55  Marine x2  
  150  8:56  Marauder x3  
  150  8:57  Marauder  
  150  9:01  Supply Depot x2  
  160  9:03  Supply Depot  
  160  9:04  SCV x2  
  148  9:10  SCV  
  148  9:16  SCV x2  
  151  9:18  Marauder  
  151  9:19  Marine x2  
  151  9:20  Marauder x3  
  151  9:22  SCV  
  162  9:28  SCV x2  
  164  9:34  SCV  
  164  9:37  Supply Depot  
  164  9:38  Marine x2  
  167  9:39  Supply Depot, Marauder  
  169  9:47  Marauder x3  
  175  10:00  Marauder  
  175  10:04  Marine x2  
  179  10:08  Marauder  
  179  10:09  Marauder x2  
  179  10:11  Combat Shield, Stimpack  
  179  10:12  Concussive Shells  
  174  10:21  Marine x2  
  174  10:22  Marauder  
  169  10:30  Marauder x3  
  175  10:40  Marine  
  168  10:43  Marauder  
  168  10:46  Liberator  
  168  10:47  Liberator  
  171  10:51  Marine, Marauder x3  
  173  10:58  Marine  
  166  11:04  Terran Infantry Weapons Level 2, Terran Infantry Armor Level 2, Marauder  
  166  11:07  Planetary Fortress  
  166  11:09  Marine  
  166  11:13  Marauder x3  
  166  11:16  Marine  
  172  11:26  Marauder  
  172  11:31  Refinery  
  174  11:34  Marauder x3  
  179  11:47  Marauder  
  187  11:55  Marauder x2  
  187  11:56  Marauder  
  193  12:09  Marauder  
  195  12:17  Marauder x2  
  199  12:29  Medivac x2  
  197  12:30  Marauder  
  199  12:38  Starport  
  199  12:40  Starport  
  199  12:53  Marauder, Marine x2  
Tags
 
Add a new tag
Caveats
  • Supply blocks, unpowered buildings, or Contaminate may cause inaccurate times.
  • Supply counts are checked every 10 seconds.